 Dungeon Crawl Stone Soup version 0.31-a0-204-g7da18cac08 (webtiles) character file.

Game seed: 6733443771133421370

36485 Hubris850 the Severer (level 13, -8/110 HPs)
             Began as a Minotaur Fighter on June 27, 2023.
             Was the Champion of Zin.
             Mangled by HilariousDeathArtist's ghost (18 damage)
             ... on level 2 of the Lair of Beasts.
             The game lasted 00:43:47 (14806 turns).

Hubris850 the Severer (Minotaur Fighter)           Turns: 14806, Time: 00:43:47

Health: -8/110     AC: 16    Str: 26    XL:     13   Next: 53%
Magic:  0/21       EV: 17    Int:  5    God:    Zin [******]
Gold:   612        SH: 10    Dex: 10    Spells: 12/12 levels left

rFire   . . .        a - +5 hand axe of the Sage {venom, rElec}
rCold   . . .        n - +0 kite shield
rNeg    . . .        U - +0 swamp dragon scales
rPois   +            (helmet restricted)
rElec   +            r - +0 cloak
rCorr   .            k - +0 pair of gloves
SInv    .            (no boots)
Will    .....        N - amulet of guardian spirit Stlth
                     o - +4 ring of protection
HPRegen 0.38/turn    Q - +5 ring of evasion
MPRegen 0.17/turn

%: guardian spirit
@: mighty
A: horns 2, retaliatory headbutt
a: Renounce Religion, Recite, Vitalisation, Imprison, Sanctuary, Donate Gold


You were on level 2 of the Lair of Beasts.
You worshipped Zin.
Zin was exalted by your worship.
You visited 3 branches of the dungeon, and saw 15 of its levels.
You also visited: Ossuary.

You collected 910 gold pieces.
You donated 298 gold pieces to Zin.

Inventory:

Hand Weapons
 a - the +5 hand axe of the Sage (weapon) {venom, rElec}
   (You found it on level 5 of the Dungeon)

   rElec:     It insulates you from electricity.
 b - the +6 spear "Asiwuot" {flame, rPois rN+ Str+4}
   (You found it on level 3 of the Lair of Beasts)

   Str:       It affects your strength (+4).
   rPois:     It protects you from poison.
   rN:        It protects you from negative energy.
Missiles
 q - 21 poisoned darts (quivered)
 H - 2 boomerangs
 L - 7 javelins
Armour
 k - a +0 pair of gloves (worn)
 n - a +0 kite shield (worn)
 r - a +0 cloak (worn)
 U - +0 swamp dragon scales (worn)
 Z - a scarf of repulsion
Jewellery
 o - a +4 ring of protection (left hand)
 N - an amulet of guardian spirit (around neck)
 Q - a +5 ring of evasion (right hand)
Wands
 f - a wand of paralysis (11)
 h - a wand of digging (5)
 S - a wand of roots (24)
 X - a wand of light (4)
Scrolls
 l - 4 scrolls of immolation
 p - 7 scrolls of poison
 u - 4 scrolls of teleportation
 x - 3 scrolls of revelation
 D - a scroll of fear {unknown}
 K - a scroll of fog {unknown}
 T - a scroll of amnesia {unknown}
 V - 2 scrolls of vulnerability {unknown}
 W - 5 scrolls of identify
Potions
 d - 2 potions of might
 m - 3 potions of attraction
 v - 7 potions of curing
 w - a potion of brilliance
 A - 2 potions of resistance
 B - a potion of magic
 C - 2 potions of invisibility
 F - 2 potions of cancellation
 J - a potion of mutation
 Y - a potion of haste


   Skills:
 + Level 8.8 Fighting
 - Level 16.0 Axes
 - Level 8.0 Throwing
 + Level 8.8 Armour
 + Level 7.2 Dodging
 + Level 8.9 Shields
 - Level 12.0 Invocations


You had 12 spell levels left.
You didn't know any spells.
Your spell library contained the following spells:

 Spells                   Type           Power      Damage    Failure   Level
 Slow                     Hex            0%         N/A       78%         1
 Blink                    Tloc           0%         N/A       89%         2
 Cigotuvi's Dreadful Rot  Necr/Pois/Air  0%         N/A       89%         2
 Confusing Touch          Hex            0%         N/A       98%         3
 Gell's Gravitas          Tloc           0%         N/A       98%         3
 Teleport Other           Tloc           0%         N/A       98%         3
 Tukima's Dance           Hex            0%         N/A       98%         3
 Vampiric Draining        Necr           0%         2d6       98%         3
 Dispel Undead            Necr           0%         3d6       100%        4
 Manifold Assault         Tloc           0%         N/A       100%        4
 Passage of Golubria      Tloc           0%         N/A       100%        4
 Yara's Violent Unravell  Hex/Tmut       0%         3d3       100%        5
 Death Channel            Necr           0%         N/A       100%        6
 Dispersal                Tloc           0%         N/A       100%        6
 Storm Form               Tmut/Air       0%         N/A       100%        7


Dungeon Overview and Level Annotations

Branches:
Dungeon (10/15)            Temple (1/1) D:4            Lair (4/5) D:10
 Shoals (0/4) Lair:2       Spider (0/4) Lair:2      Ossuary (visited)
  Slime: Lair:4-5       Orc: D:9-12

Altars:
Ashenzari
Cheibriados
Dithmenos
Elyvilon
Fedhas
Gozag
Hepliaklqana
Kikubaaqudgha
Makhleb
Nemelex Xobeh
Okawaru
Qazlal
Ru
Sif Muna
Trog
Uskayaw
Vehumet
Wu Jian
Xom
Yredelemnul
Zin
The Shining One

Shops:
D:1 (   D:7 !   D:9 :

Portals:
Trove: D:10 (give +6 demon trident)

Annotations:
D:7 2 transporters
Lair:2 1 transporter, HilariousDeathArtist's ghost, journeyman DrHs
Lair:3 3 runed translucent doors, Pooter's ghost, journeyman MiBe


Innate Abilities, Weirdness & Mutations

You have a pair of horns on your head.
You reflexively headbutt those who attack you in melee.


Message History

The cane toad stings you!
* * * LOW HITPOINT WARNING * * *
You slice the cane toad!!
You kill the cane toad!
You slash the yak! Your headbutt misses the yak.
The yak is heavily wounded.
You block the yak's attack.
You barely miss the yak.
The yak is heavily wounded.
You slice the yak!! You headbutt the yak.
The yak is almost dead.
The yak completely misses you.
You barely miss the yak. You headbutt the yak.
You kill the yak!
The lindwurm breathes flames at you. The blast of flame hits you!!
* * * LOW HITPOINT WARNING * * *
You miss HilariousDeathArtist's ghost. You miss HilariousDeathArtist's ghost.
You block HilariousDeathArtist's ghost's attack.
You feel better. HilariousDeathArtist's ghost hits you!
* * * LOW HITPOINT WARNING * * *
You feel better.
HilariousDeathArtist's ghost hits you but does no damage.
You closely miss HilariousDeathArtist's ghost.
Your headbutt misses HilariousDeathArtist's ghost.
HilariousDeathArtist's ghost closely misses you.
You barely miss HilariousDeathArtist's ghost.
Your headbutt misses HilariousDeathArtist's ghost.
You barely miss HilariousDeathArtist's ghost.
Your headbutt misses HilariousDeathArtist's ghost.
HilariousDeathArtist's ghost barely misses you.
You miss HilariousDeathArtist's ghost. HilariousDeathArtist's ghost hits you!
* * * LOW HITPOINT WARNING * * *
Okay, then.
You barely miss HilariousDeathArtist's ghost.
Your headbutt misses HilariousDeathArtist's ghost.
You closely miss HilariousDeathArtist's ghost.
HilariousDeathArtist's ghost hits you!!
You die...

# #.....................#.......
# ##.............................
# #..........©...........P.......
# ##.....#########.......P.......
###.....##8.)??$8##...######.#...
..#.....#.........#..## ###...
........#.##...##.#..# #...
........#.##...##.#..# #####†..
#.......#....©kW@.#..#####P##....
#.......#.##...##.#..............
#.......#.##...##.#..............
#.......#........©#..............
#.......##8.....8##..............
.........#########...............
#..........:.©...................
.....................#..#.##.....
^..#............#.###########....


You could see a lindwurm and HilariousDeathArtist's ghost.

Vanquished Creatures
  2 hydras
  An ice dragon (Lair:4)
  The ghost of ZoeForever1 the Grappler, a novice DrTm of Qazlal (D:10)
  A boulder beetle (Lair:2)
  Urug (Lair:1)
  A death yak (Lair:2)
  Amaemon (D:9)
  An ugly thing (D:9)
  6 elephants (Lair:4)
  6 torpor snails
  A black mamba (Lair:2)
  11 cane toads
  Joseph (D:7)
  A gargoyle (D:9)
  Psyche (D:9)
  An orange demon (D:9)
  Maggie (D:7)
  3 rime drakes
  11 komodo dragons
  2 trolls (D:10)
  A hornet (D:9)
  2 polar bears
  15 blink frogs
  Prince Ribbit (D:7)
  Sigmund (D:2)
  4 shadows (D:10)
  A culicivora (Lair:2)
  A vampire (D:9)
  2 wraiths (D:10)
  4 wyverns
  39 yaks
  Grum (D:9)
  A basilisk (Lair:1)
  3 steam dragons
  2 acid dragons
  11 water moccasins
  6 ice beasts
  A sky beast (D:6)
  3 black bears
  19 wolves
  3 ogres
  2 centaurs
  A phantom (D:4)
  8 bullfrogs
  2 scorpions
  3 gnoll sergeants
  16 wights
  8 killer bees
  A crimson imp (D:5)
  3 jellies
  3 hounds
  2 orc priests
  4 iguanas
  3 orc wizards
  Ijyb (D:3)
  8 mummies (Ossuary)
  Robin (D:2)
  8 adders
  10 gnolls
  2 shadow imps (D:6)
  2 white imps (Lair:4)
  An ufetubus (D:6)
  2 worms
  4 dart slugs
  15 orcs
  12 ball pythons
  3 bats
  7 endoplasms
  2 giant cockroaches
  18 goblins
  9 hobgoblins
  9 jackals
  11 kobolds
  A quokka (D:1)
  3 frilled lizards
  A hobgoblin zombie (Ossuary)
  4 kobold zombies (Ossuary)
  3 orc zombies (Ossuary)
  A quokka zombie (D:4)
  4 rats
  A rat zombie (D:4)
374 creatures vanquished.

Vanquished Creatures (others)
  A human (D:7)
1 creature vanquished.

Grand Total: 375 creatures vanquished

Notes
Turn   | Place    | Note
-------+----------+-------------------------------------------
     0 | D:1      | Hubris850 the Minotaur Fighter began the quest for the Orb.
     0 | D:1      | Reached XP level 1. HP: 19/19 MP: 0/0
    72 | D:1      | Reached XP level 2. HP: 27/27 MP: 1/1
   179 | D:1      | Found Xenatoun's Weapon Shoppe.
   489 | D:1      | Reached skill level 1 in Dodging
   736 | D:2      | Reached XP level 3. HP: 14/33 MP: 2/2
  1097 | D:2      | Identified the +4 helmet of the Fig {Str+3 Stlth+}
  1097 | D:2      | Noticed Robin
  1116 | D:2      | Killed Robin
  1117 | D:2      | Reached XP level 4. HP: 36/40 MP: 3/3
  1582 | D:3      | Noticed Sigmund
  1640 | D:2      | Killed Sigmund
  1641 | D:2      | Reached skill level 1 in Throwing
  1641 | D:2      | Reached skill level 5 in Shields
  1641 | D:2      | Reached XP level 5. HP: 27/47 MP: 4/4
  1641 | D:2      | Reached XP level 6. HP: 32/55 MP: 5/5
  1722 | D:3      | Reached skill level 5 in Armour
  1803 | D:3      | Noticed Ijyb
  1806 | D:3      | Paralysed by Ijyb for 4 turns
  1815 | D:3      | Paralysed by Ijyb for 2 turns
  1818 | D:3      | Paralysed by Ijyb for 4 turns
  1828 | D:3      | Killed Ijyb
  1829 | D:3      | Reached skill level 5 in Fighting
  1886 | D:3      | Noticed an ice beast
  1894 | D:3      | Killed an ice beast
  2003 | D:3      | Found a broken altar of Ashenzari.
  2007 | D:3      | Saw a vision of the Shoals and the Spider Nest.
  2007 | D:3      | Noticed a merfolk siren
  2007 | D:3      | Noticed a culicivora
  2007 | D:3      | Noticed a culicivora
  2007 | D:3      | Noticed a redback
  2007 | D:3      | Noticed a manticore
  2007 | D:3      | Noticed a wolf spider
  2007 | D:3      | Noticed a redback
  2007 | D:3      | Noticed a redback
  2007 | D:3      | Noticed a demonic crawler
  2007 | D:3      | Noticed a snapping turtle
  2007 | D:3      | Noticed a redback
  2007 | D:3      | Noticed a tarantella
  2007 | D:3      | Noticed a demonic crawler
  2007 | D:3      | Noticed a harpy
  2007 | D:3      | Noticed a water nymph
  2007 | D:3      | Noticed a sea snake
  2007 | D:3      | Noticed a wolf spider
  2007 | D:3      | Noticed a wolf spider
  2007 | D:3      | Noticed a merfolk impaler
  2007 | D:3      | Noticed a wolf spider
  2007 | D:3      | Noticed a steelbarb worm
  2007 | D:3      | Noticed a jumping spider
  2008 | D:3      | Noticed an orb spider
  2140 | D:3      | You fall into a shaft and drop 2 floors!
  2140 | D:5      | Entered Level 5 of the Dungeon
  2162 | D:5      | Noticed an ice beast
  2170 | D:5      | Killed an ice beast
  2258 | D:5      | Reached XP level 7. HP: 61/61 MP: 6/6
  2338 | D:4      | Found a staircase to the Ecumenical Temple.
  2346 | Temple   | Entered the Ecumenical Temple
  2365 | Temple   | Became a worshipper of Zin the Law-Giver
  2365 | Temple   | Reached * piety under Zin
  2480 | D:4      | Found a shimmering altar of Xom.
  2480 | D:4      | Found a white marble altar of Elyvilon.
  2579 | D:4      | Found a sand-covered staircase.
  2593 | Ossuary  | Entered an ossuary
  2751 | Ossuary  | Reached ** piety under Zin
  2771 | Ossuary  | Reached *** piety under Zin
  2823 | Ossuary  | Reached **** piety under Zin
  3046 | D:4      | Reached XP level 8. HP: 70/70 MP: 7/7
  3186 | D:4      | Found an iron altar of Okawaru.
  3188 | D:4      | Found an opulent altar of Gozag.
  3190 | D:4      | Found a basalt altar of Yredelemnul.
  3951 | D:5      | Found a stormy altar of Qazlal.
  4339 | D:5      | Identified the +5 hand axe of the Sage {venom, rElec}
  4408 | D:5      | Found a burning altar of Makhleb.
  4411 | D:5      | Found a radiant altar of Vehumet.
  4442 | D:5      | Found a sacrificial altar of Ru.
  4512 | D:6      | Reached skill level 3 in Axes
  4640 | D:5      | Reached skill level 4 in Axes
  4651 | D:6      | Zin protects you from harm!
  4944 | D:6      | Reached skill level 5 in Throwing
  4948 | D:6      | Reached skill level 5 in Axes
  5040 | D:6      | Found a bloodstained altar of Trog.
  5201 | D:6      | Reached ***** piety under Zin
  5202 | D:6      | Donated 207 gold pieces to Zin
  5461 | D:7      | Noticed Prince Ribbit
  5468 | D:7      | Killed Prince Ribbit
  5469 | D:7      | Reached skill level 6 in Axes
  5469 | D:7      | Reached skill level 1 in Invocations
  5469 | D:7      | Reached XP level 9. HP: 75/78 MP: 6/8
  5974 | D:7      | Found a transporter.
  5977 | D:7      | Found Jupeum's Distillery.
  6038 | D:7      | Noticed Maggie
  6050 | D:7      | Reached skill level 7 in Axes
  6056 | D:7      | Killed Maggie
  6199 | D:7      | Found an ancient bone altar of Kikubaaqudgha.
  6320 | D:7      | Noticed Joseph
  6334 | D:7      | Killed Joseph
  6335 | D:7      | Reached skill level 8 in Axes
  6371 | D:7      | Found a transporter.
  6512 | D:8      | Reached XP level 10. HP: 82/84 MP: 10/12
  6570 | D:8      | Reached skill level 5 in Invocations
  6920 | D:8      | Found a hide-covered altar of Uskayaw.
  6921 | D:8      | Found a hazy altar of Hepliaklqana.
  7021 | D:8      | Found an ornate altar of the Wu Jian Council.
  7696 | D:9      | Reached skill level 9 in Axes
  7762 | D:9      | Noticed Grum
  7763 | D:9      | Noticed Amaemon
  7763 | D:9      | Noticed an orange demon
  7779 | D:9      | Killed Grum
  7792 | D:9      | Killed Amaemon
  7799 | D:9      | Killed an orange demon
  7800 | D:9      | Reached skill level 10 in Axes
  7830 | D:9      | Found Peger's Book Boutique.
  7941 | D:9      | Reached skill level 11 in Axes
  8096 | D:9      | Reached skill level 12 in Axes
  8250 | D:9      | Reached XP level 11. HP: 80/91 MP: 11/14
  8463 | D:9      | Noticed a brown ugly thing
  8496 | D:9      | Killed a brown ugly thing
  8794 | D:9      | Noticed Psyche
  8803 | D:9      | Killed Psyche
  8803 | D:9      | Reached ****** piety under Zin
  8804 | D:9      | Reached skill level 13 in Axes
  8949 | D:10     | Entered Level 10 of the Dungeon
  8952 | D:10     | Found a runed translucent gate.
  9232 | D:10     | Found a staircase to the Lair.
  9268 | D:10     | Reached skill level 14 in Axes
  9324 | D:10     | Found a portal to a secret trove of treasure.
  9461 | D:10     | Found a runed translucent gate.
  9462 | D:10     | Found a runed translucent gate.
  9464 | D:10     | Noticed ZoeForever1's ghost (novice DrTm)
  9486 | D:10     | Reached skill level 15 in Axes
  9501 | D:10     | Killed ZoeForever1's ghost
  9766 | D:10     | Found a sparkling altar of Nemelex Xobeh.
  9851 | Lair:1   | Entered Level 1 of the Lair of Beasts
  9997 | Lair:1   | Reached skill level 16 in Axes
 10412 | Lair:1   | Reached XP level 12. HP: 97/97 MP: 16/16
 10645 | Lair:1   | Found a snail-covered altar of Cheibriados.
 10666 | Lair:1   | Noticed Urug
 10683 | Lair:1   | HP: 1/97 [Urug/+5 halberd (5)]
 10684 | Lair:1   | Killed Urug
 11384 | Lair:2   | Reached skill level 10 in Invocations
 11394 | Lair:2   | Found a staircase to the Shoals.
 11668 | Lair:2   | Noticed a boulder beetle
 11680 | Lair:2   | Killed a boulder beetle
 11764 | Lair:2   | Noticed a death yak
 11784 | Lair:2   | Killed a death yak
 12044 | Lair:2   | Found a hole to the Spider Nest.
 12062 | Lair:2   | Noticed HilariousDeathArtist's ghost (journeyman DrHs)
 12063 | Lair:2   | Noticed a seven-headed hydra
 12234 | Lair:2   | Found a transporter.
 12237 | Lair:2   | Found a transporter.
 12408 | Lair:3   | Found a runed translucent gate.
 12408 | Lair:3   | Found a runed translucent gate.
 12416 | Lair:3   | Reached skill level 5 in Dodging
 12442 | Lair:3   | Found a runed translucent gate.
 12877 | Lair:3   | Identified the +6 spear "Asiwuot" {flame, rPois rN+ Str+4}
 12888 | Lair:3   | Reached XP level 13. HP: 75/105 MP: 15/21
 13232 | Lair:3   | Noticed Pooter's ghost (journeyman MiBe)
 14806 | Lair:2   | Mangled by HilariousDeathArtist's ghost

Illustrated notes

Levels and vault maps discovered:
D:1:      dpeg_arrival_stonehenge_12_columns, layout_loops_ring, serial_shops,
          nicolae_shop_behind_doors, bh_walls_and_bars
D:2:      layout_loops_corners, uniq_robin
D:3:      layout_loops_corners, grunt_ashenzari_visionary
          [grunt_ashenzari_visionary_shoals, grunt_ashenzari_visionary_spider],
          uniq_sigmund, uniq_ijyb
D:4:      layout_rooms, chequers_temple_overflow_minitemple, temple_fountains,
          enter_ossuary_4
D:5:      layout_loops_ring, grunt_temple_overflow_lords_of_destruction,
          kennysheep_mini, nicolae_ru_great_annihilating_truth,
          amcnicky_mini_rare_corridor_liquid
D:6:      layout_cave_pools, trog_hazing_becter, serial_demonic,
          serial_demonic_g, serial_demonic_g, serial_demonic_a, serial_demonic_g
D:7:      layout_rooms, tgw_kikubaaqudgha, serial_shops, nicolae_shop_drivethru,
          uniq_joseph, uniq_maggie, uniq_prince_ribbit1
D:8:      layout_layer_cave, nzn_wu_jian_council_hall,
          gammafunk_temple_overflow_statue
D:9:      layout_basic, serial_shops, shop, uniq_grum, uniq_amaemon, uniq_psyche
D:10:     layout_big_octagon, nemelex_xobeh_ov_fountains_minmay,
          hellmonk_lair_entry_icy, gammafunk_ghost_spectres,
          nicolae_trove_entry_isolated
Temple:   hellmonk_temple_two_chambers
Lair:1:   layout_regular_city, kennysheep_snail_temple, uniq_urug
Lair:2:   layout_chaotic_city, shoals_dummy_entry, spider_nest_entry_rubble,
          gammafunk_ghost_arena
Lair:3:   layout_chaotic_city, gammafunk_ghost_necromancy, beast_lair_carwin_9
Lair:4:   layout_big_grid, bobbens_ice_dragon_lair

Skill      XL: |  1  2  3  4  5  6  7  8  9 10 11 12 13 |
---------------+----------------------------------------+-----
Dodging        | 1 2 3 4 5 7 |  7.2
Armour         | 4 5 6 7 8 |  8.8
Fighting       | 4 5 6 7 8 |  8.8
Shields        | 4 5 6 7 8 |  8.9
Throwing       | 1 2 3 5 7 8 |  8.0
Axes           | 6 8 12 16 | 16.0
Invocations    | 1 4 6 7 12 | 12.0

Action                     |  1- 3 |  4- 6 |  7- 9 | 10-12 | 13-15 || total
---------------------------+-------+-------+-------+-------+-------++-------
  Melee: War axe           |    81 |    84 |   127 |       |       ||   292
         Headbutt          |     9 |    12 |    61 |   135 |    40 ||   257
         Hand axe          |       |       |   149 |   590 |   183 ||   922
         Spear             |       |       |       |       |    14 ||    14
  Throw: Dart              |       |     9 |    11 |     3 |       ||    23
         Boomerang         |       |       |    10 |     1 |       ||    11
 Invoke: Recite            |       |       |     2 |     5 |       ||     7
         Donate Gold       |       |       |     1 |       |       ||     1
  Evoke: Wand              |       |       |       |     2 |       ||     2
    Use: Potion            |     2 |       |     4 |     5 |     3 ||    14
         Scroll            |       |       |    10 |     7 |       ||    17
   Stab: Paralysed         |       |       |     2 |       |       ||     2
         Confused          |       |       |       |     2 |       ||     2
 Armour: Scale mail        |    58 |    41 |       |       |       ||    99
         Plate armour      |       |     2 |   129 |       |       ||   131
         Swamp dragon scal |       |       |     8 |   128 |    54 ||   190
  Dodge: Dodged            |    47 |    23 |   100 |   353 |   102 ||   625
  Block: Buckler           |    18 |    17 |    57 |    90 |       ||   182
         Kite shield       |       |       |       |    40 |    82 ||   122

Table legend: (Time is in decaauts)
 A = Elapsed time spent in this place.
 B = Non-inter-level travel time spent in this place.
 C = Inter-level travel time spent in this place.
 D = Time resting spent in this place.
 E = Time spent auto-exploring this place.
 F = Levels seen in this place.
 G = Mean time per level.
                   A        B        C        D        E       F      G
               +--------+--------+--------+--------+--------+-----+--------+
         Total |  14712 |  14213 |    499 |   1834 |   9475 |  16 |  919.5 |
       Dungeon |   9597 |   9303 |    294 |   1140 |   6262 |  10 |  959.7 |
        Temple |     28 |     28 |      0 |      0 |      0 |   1 |   28.0 |
          Lair |   4800 |   4595 |    205 |    648 |   3212 |   4 | 1200.0 |
       Ossuary |    286 |    286 |      0 |     46 |      1 |   1 |  286.0 |
               +--------+--------+--------+--------+--------+-----+--------+

Top non-repeatable levels by time:
  Lair:1: 1529 daAuts
     D:8: 1278 daAuts
  Lair:4: 1242 daAuts
     D:9: 1217 daAuts
  Lair:2: 1118 daAuts
     D:2: 1099 daAuts
     D:3: 1093 daAuts
     D:7: 985 daAuts
     D:5: 978 daAuts
  Lair:3: 909 daAuts
    D:10: 890 daAuts
     D:6: 797 daAuts
     D:1: 644 daAuts
     D:4: 613 daAuts
 Ossuary: 286 daAuts
